 Dungeon Crawl Stone Soup version 0.16.1-11-g651b585 (webtiles) character file.

3143 Chiseanne the Thaumaturge (level 9, -25/57 HPs)
             Began as a Mummy Wizard on Apr 7, 2015.
             Was an Initiate of Gozag.
             Hit by a large rock thrown by a cyclops (30 damage)
             ... on level 12 of the Dungeon.
             The game lasted 00:31:47 (13396 turns).

Chiseanne the Thaumaturge (Mummy Wizard)           Turns: 13396, Time: 00:31:47

Health: -25/57     AC:  9    Str: 10    XL:     9   Next: 62%
Magic:  6/27       EV: 11    Int: 20    God:    Gozag
Gold:   832        SH:  0    Dex: 10    Spells: 6 memorised, 14 levels left

rFire  . . .     SeeInvis .     a - +4 hand axe (chop)
rCold  + . .     Clarity  .     f - +3 leather armour {rF+}
rNeg   + + +     SustAb   .     (no shield)
rPois  ∞         Gourm    .     b - +1 hat
rElec  .         Spirit   .     d - +0 cloak
rCorr  .         Warding  .     m - +0 pair of gloves (curse)
rMut   .         Stasis   .     (no boots)
MR     +....                    (no amulet)
Stlth  +.........               (no ring)
                                r - ring of flight

@: very slightly contaminated, repel missiles, somewhat resistant to hostile
enchantments, very unstealthy
A: no food or potions, fire vulnerability, restore body, cold resistance 1,
negative energy resistance 3, poison resistance, torment resistance, unbreathing
a: Potion Petition, Call Merchant, Bribe Branch, Renounce Religion, Evoke Flight


You were on level 12 of the Dungeon.
You worshipped Gozag.
Gozag was noncommittal.
You were not hungry.

You visited 1 branch of the dungeon, and saw 11 of its levels.
You also visited: Ossuary.

You collected 1850 gold pieces.
You spent 441 gold pieces at shops.
You paid 577 gold pieces to Gozag.

Inventory:

Hand weapons
 a - a +4 hand axe of chopping (weapon)
Missiles
 h - 26 poisoned needles
Armour
 b - a +1 hat (worn)
 d - a +0 cloak (worn)
 f - a +3 leather armour of fire resistance (worn)
 m - a cursed +0 pair of gloves (worn)
 q - a cursed +0 shield
Jewellery
 r - a ring of flight (left hand)
Magical devices
 l - a wand of cold (12)
 n - a wand of fire (6)
Scrolls
 e - 3 scrolls of enchant armour
 g - 7 scrolls of identify
 j - 3 scrolls of fear
 k - a scroll of amnesia
 o - 2 scrolls of recharging
 p - 3 scrolls of remove curse
Books
 c - a book of Minor Magic

   Spells                             Type                      Level
   a - Magic Dart                     Conjuration                  1
   b - Blink                          Translocation                2
   c - Call Imp                       Summoning                    2
   d - Repel Missiles                 Charms/Air                   2
   e - Slow                           Hexes                        2
   f - Conjure Flame                  Conjuration/Fire             3
   g - Mephitic Cloud                 Conjuration/Poison/Air       3
Miscellaneous
 s - a sack of spiders


   Skills:
 * Level 2.8 Armour
 - Level 1.5 Dodging
 - Level 1.5 Stealth
 * Level 9.5 Spellcasting
 * Level 7.2 Conjurations
 - Level 0.7 Summonings
 - Level 0.7 Translocations


You had 14 spell levels left.
You knew the following spells:

 Your Spells              Type           Power        Failure   Level  Hunger
a - Magic Dart            Conj           ####         1%          1    N/A
b - Repel Missiles        Chrm/Air       #.....       17%         2    N/A
c - Blink                 Tloc           N/A          12%         2    N/A
d - Call Imp              Summ           ##......     12%         2    N/A
e - Conjure Flame         Conj/Fire      ###.....     10%         3    N/A
f - Mephitic Cloud        Conj/Pois/Air  ###.....     12%         3    N/A

Dungeon Overview and Level Annotations

Branches:
Dungeon (12/15)            Temple (0/1) D:6
   Lair: D:8-11         Orc: D:9-12

Altars:
Cheibriados
Gozag
Nemelex Xobeh
Ru
Sif Muna

Shops:
D:7 *   D:9 :


Innate Abilities, Weirdness & Mutations

You do not eat or drink.
Your flesh is vulnerable to fire.
Your flesh is cold resistant.
You are immune to negative energy.
Your system is resistant to poisons.
You are immune to unholy pain and torment.
You can survive without breathing.


Message History

The stinking cloud engulfs the hill giant.
The stinking cloud engulfs the worker ant.
The hill giant is engulfed in noxious fumes.
The hill giant appears confused.
The hill giant hits the worker ant with a giant club!!
The worker ant is killed!
You open the door.
An orc wizard comes into view. It is wielding a dagger.
The hill giant is engulfed in noxious fumes.
The hill giant hits itself with a giant club!
The orc wizard gestures wildly while chanting.
The orc wizard blinks!
A quokka comes into view.
You barely miss the quokka. The quokka bites you.
* * * LOW HITPOINT WARNING * * *
The hill giant is engulfed in noxious fumes.
The cyclops throws a large rock.
The large rock hits you!!
Ouch! That really hurt!
You die...
Your body crumbles into a pile of gold.

+.....+
#.....# .
#.....# ..
#.....+ ....
+.....# .....
#.....#.....#
#...O.#.....#
#.....r.....+
+.§..@#
#.C§..#
#.§§§.#
#.....#
+.....+
#.....#
#.....#
#....C+
.....#


You could see a hill giant (confused), a cyclops, an ogre and a quokka.

Vanquished Creatures
  A steam dragon (D:7)
  Eustachio (D:6)
  4 ogres
  2 orc warriors
  An ice beast (D:8)
  A necrophage (D:7)
  A sky beast (D:7)
  A centaur (D:8)
  4 giant frogs
  The ghost of Chiseanne the Vandal, an average SpHu (D:3)
  2 scorpions (D:7)
  3 wights (D:7)
  A goliath beetle (D:6)
  4 crimson imps
  2 hounds (D:4)
  A centaur skeleton (D:7)
  A giant frog zombie (D:5)
  An orc priest (D:4)
  2 jellies
  6 orc wizards
  2 worker ants
  2 iguanas (D:8)
  A hell rat (D:8)
  9 big kobold zombies (Ossuary)
  Jessica (D:3)
  A mummy (Ossuary)
  14 gnolls
  16 adders
  3 river rats
  2 shadow imps
  An ufetubus (D:6)
  A worm (D:2)
  An adder zombie (D:6)
  9 giant geckos
  32 orcs
  3 spectral bats (Ossuary)
  21 bats
  2 bat zombies
  3 giant cockroaches
  24 hobgoblins
  8 jackals
  15 kobolds
  2 quokkas
  3 ball pythons (D:2)
  7 bat simulacra (Ossuary)
  A giant cockroach zombie (D:5)
  8 giant newts
  3 gnoll zombies (Ossuary)
  19 goblins
  3 goblin simulacra (Ossuary)
  4 goblin zombies (Ossuary)
  A hobgoblin zombie (Ossuary)
  A jackal skeleton (D:4)
  A jackal zombie (D:6)
  A kobold simulacrum (Ossuary)
  5 kobold zombies (Ossuary)
  8 orc zombies (Ossuary)
  39 rats
  4 rat simulacra (Ossuary)
  4 spectral goblins (Ossuary)
  2 spectral kobolds (Ossuary)
  2 spectral rats (Ossuary)
329 creatures vanquished.

Notes
Turn   | Place    | Note
--------------------------------------------------------------
     0 | D:1      | Chiseanne, the Mummy Wizard, began the quest for the Orb.
     0 | D:1      | Reached XP level 1. HP: 13/13 MP: 4/4
   323 | D:1      | Reached XP level 2. HP: 19/19 MP: 4/6
   438 | D:1      | Learned a level 2 spell: Repel Missiles
   481 | D:1      | Learned a level 2 spell: Blink
   484 | D:1      | Learned a level 2 spell: Call Imp
   544 | D:1      | Reached skill level 1 in Conjurations
  1394 | D:2      | Found a sparkling altar of Nemelex Xobeh.
  1395 | D:2      | Found a deep blue altar of Sif Muna.
  1498 | D:2      | Reached XP level 3. HP: 24/24 MP: 6/8
  1533 | D:2      | Found a sacrificial altar of Ru.
  1533 | D:2      | Found an opulent altar of Gozag.
  1563 | D:2      | Became a worshipper of Gozag Ym Sagoz the Greedy
  1722 | D:2      | Reached skill level 4 in Spellcasting
  1783 | D:2      | Learned a level 3 spell: Conjure Flame
  2146 | D:2      | Reached XP level 4. HP: 25/30 MP: 0/11
  2628 | D:2      | You fall through a shaft for 2 floors!
  2940 | D:2      | Reached XP level 5. HP: 35/35 MP: 8/14
  3366 | D:2      | Reached skill level 5 in Spellcasting
  3375 | D:2      | Learned a level 3 spell: Mephitic Cloud
  3397 | D:3      | Noticed Chiseanne's ghost (average SpHu)
  3741 | D:3      | Killed Chiseanne's ghost
  3741 | D:3      | Reached XP level 6. HP: 26/41 MP: 3/17
  4060 | D:3      | Noticed Jessica
  4070 | D:3      | Killed Jessica
  4996 | D:4      | Noticed an ogre
  5006 | D:4      | Killed an ogre
  5006 | D:4      | Reached skill level 6 in Spellcasting
  5006 | D:4      | Reached XP level 7. HP: 46/46 MP: 3/20
  5472 | D:4      | Noticed a giant frog
  5482 | D:4      | Killed a giant frog
  5969 | D:5      | Entered Level 5 of the Dungeon
  6433 | D:5      | Reached skill level 7 in Spellcasting
  6433 | D:5      | Reached skill level 5 in Conjurations
  6534 | D:5      | Reached XP level 8. HP: 44/52 MP: 9/23
  6545 | D:5      | Found a sand-covered staircase.
  6593 | Ossuary  | Entered an ossuary
  9265 | D:6      | Found a snail-covered altar of Cheibriados.
  9439 | D:6      | Noticed Eustachio
  9472 | D:6      | Killed Eustachio
  9840 | D:6      | Found a staircase to the Ecumenical Temple.
  9842 | D:6      | Reached skill level 1 in Armour
 10045 | D:6      | Reached skill level 8 in Spellcasting
 10957 | D:7      | Reached XP level 9. HP: 57/57 MP: 13/25
 11425 | D:7      | Found Psynas' General Store.
 11428 | D:7      | Bought a scroll of identify for 28 gold pieces
 11428 | D:7      | Bought a scroll of recharging for 133 gold pieces
 11428 | D:7      | Bought a sack of spiders for 280 gold pieces
 12054 | D:7      | Reached skill level 9 in Spellcasting
 13351 | D:8      | You fall through a shaft for 2 floors!
 13351 | D:10     | Entered Level 10 of the Dungeon
 13377 | D:11     | Noticed a hill giant
 13392 | D:12     | Noticed a cyclops
 13396 | D:12     | Hit by a large rock thrown by a cyclops

Action                   |  1- 3 |  4- 6 |  7- 9 || total
-------------------------+-------+-------+-------++-------
Melee: Short sword       |    27 |    30 |       ||    57
       Hand axe          |       |     7 |   105 ||   112
 Cast: Magic Dart        |   103 |   187 |   724 ||  1014
       Repel Missiles    |     1 |       |     1 ||     2
       Mephitic Cloud    |       |     2 |    17 ||    19
       Blink             |       |       |     7 ||     7
       Conjure Flame     |       |       |     7 ||     7
Invok: Call Merchant     |       |       |     1 ||     1
  Use: Scroll            |     3 |     5 |     9 ||    17
 Stab: Confused          |       |       |     6 ||     6
